 Dungeon Crawl Stone Soup version 0.28.0 (webtiles) character file.

Game seed: 3674397469150497582

224 hikkokomori the Covered (level 5, 0/47 HPs)
             Began as a Minotaur Fighter on Feb 6, 2022.
             Was an Initiate of Okawaru.
             Slain by a gnoll (5 damage)
             ... on level 4 of the Dungeon.
             The game lasted 00:02:59 (2992 turns).

hikkokomori the Covered (Minotaur Fighter)          Turns: 2992, Time: 00:03:00

Health: 0/47       AC:  8    Str: 23    XL:     5   Next: 67%
Magic:  4/4        EV:  5    Int:  5    God:    Okawaru [......]
Gold:   108        SH:  0    Dex:  9    Spells: 4/4 levels left

rFire   . . .      SeeInvis .   f - +0 war axe (freeze)
rCold   . . .      Faith    .   c - +0 buckler
rNeg    . . .      Spirit   .   b - +0 scale mail
rPois   .          Reflect  .   (helmet restricted)
rElec   .          Harm     .   (no cloak)
rCorr   .          Rampage  .   g - +0 pair of gloves
Will    .....                   (no boots)
Stlth   ..........              (no amulet)
HPRegen 0.15/turn               (no ring)
MPRegen 0.09/turn               (no ring)

@: mighty, held
A: horns 2, retaliatory headbutt
a: Renounce Religion


You were on level 4 of the Dungeon.
You worshipped Okawaru.
Okawaru was noncommittal.
You visited 2 branches of the dungeon, and saw 5 of its levels.

You collected 108 gold pieces.

Inventory:

Hand Weapons
 a - a +0 war axe
 f - a +0 war axe of freezing (weapon)
Armour
 b - a +0 scale mail (worn)
 c - a +0 buckler (worn)
 g - a +0 pair of gloves (worn)
Scrolls
 e - a scroll of identify {unknown}
 h - 3 scrolls of enchant weapon {unknown}
 i - 3 scrolls of holy word {unknown}
 j - a scroll of immolation {unknown}
 k - 2 scrolls of teleportation {unknown}
 m - 2 scrolls of summoning {unknown}
Potions
 d - a potion of might
 l - 2 potions of flight {unknown}
 n - 2 potions of cancellation {unknown}
 o - a potion of berserk rage {unknown}


   Skills:
 + Level 4.9 Fighting
 + Level 4.1 Axes
 + Level 5.0 Armour
 + Level 5.0 Shields


You had 4 spell levels left.
You didn't know any spells.
Your spell library contained the following spells:

 Spells                   Type           Power      Damage    Failure   Level
 Slow                     Hex            0%         N/A       86%         1
 Confusing Touch          Hex            0%         N/A       99%         3
 Vampiric Draining        Necr           0%         2d6       99%         3
 Chain Lightning          Conj/Air       0%         N/A       100%        9
 Fire Storm               Conj/Fire      0%         5d1       100%        9
 Shatter                  Erth           0%         3d5*      100%        9


Dungeon Overview and Level Annotations

Branches:
Dungeon (4/15)             Temple (1/1) D:4

Altars:
Ashenzari
Elyvilon
Kikubaaqudgha
Okawaru
Qazlal
Sif Muna
Vehumet
Wu Jian
Xom
Jiyva


Innate Abilities, Weirdness & Mutations

You have a pair of horns on your head.
You reflexively headbutt those who attack you in melee.


Message History

The gnoll hits you from afar with a +2 spear of flaming.
The gnoll burns you.
You hit the gnoll. You freeze the gnoll.
The gnoll is moderately wounded.
You hit the gnoll. You freeze the gnoll. The gnoll hits you with a +0 flail.
You block the gnoll's attack.
You barely miss the gnoll. Your headbutt misses the gnoll.
The gnoll is moderately wounded.
You barely miss the gnoll. The gnoll barely misses you.
You furiously retaliate!
You headbutt the gnoll. The gnoll hits you with a +0 spear.
The gnoll hits you from afar with a +2 spear of flaming.
The gnoll burns you. The gnoll barely misses you.
You closely miss the gnoll. Your headbutt misses the gnoll.
The gnoll is severely wounded.
You hit the gnoll. You freeze the gnoll. The gnoll hits you with a +0 spear.
The gnoll hits you from afar with a +2 spear of flaming.
The gnoll burns you. The gnoll hits you with a +0 flail!
* * * LOW HITPOINT WARNING * * *
The gnoll throws a throwing net.
The throwing net hits you.
You become entangled in the net!
The gnoll barely misses you.
You are too injured to fight recklessly!
Unknown command.
Unknown command.
You feel very mighty all of a sudden. The gnoll hits you with a +0 flail.
* * * LOW HITPOINT WARNING * * *
The gnoll hits you from afar with a +2 spear of flaming.
* * * LOW HITPOINT WARNING * * *
The gnoll burns you.
* * * LOW HITPOINT WARNING * * *
The gnoll completely misses you.
You struggle against the net.
The gnoll barely misses you. You furiously retaliate!
You headbutt the gnoll.
The gnoll hits you from afar with a +2 spear of flaming.
* * * LOW HITPOINT WARNING * * *
The gnoll burns you.
* * * LOW HITPOINT WARNING * * *
The gnoll hits you with a +0 spear.
You die...

#.......#. #......#
#.......#. #......#
#.......#. #.<....#
#(......## #......#
#.......## #......#
#......... #.....g#
#.....<... #....g?#
#......... #....g@#
#.......## #....).#
#.......## #......#
########## #......#
#.......## #...[..#
.......... #......#
..........
#......#....+..........
#......#....#..........
#......#....#........##


You could see 3 gnolls.

Vanquished Creatures
  Jessica (D:2)
  An orc wizard (D:3)
  4 gnolls
  5 adders
  2 worms
  3 dart slugs
  8 orcs (D:3)
  11 bats
  7 endoplasms
  A giant cockroach (D:1)
  5 goblins
  6 hobgoblins
  2 quokkas
  5 ball pythons
  4 frilled lizards
  6 kobolds
  3 rats
74 creatures vanquished.

Notes
Turn   | Place    | Note
-------+----------+-------------------------------------------
     0 | D:1      | hikkokomori the Minotaur Fighter began the quest for the
                  | Orb.
     0 | D:1      | Reached XP level 1. HP: 19/19 MP: 0/0
   181 | D:1      | Reached XP level 2. HP: 27/27 MP: 1/1
   182 | D:1      | Found a faded altar of an unknown god.
   955 | D:1      | Reached XP level 3. HP: 30/33 MP: 2/2
  1056 | D:1      | You fall into a shaft and drop 1 floor!
  1130 | D:2      | Noticed Jessica
  1135 | D:2      | Killed Jessica
  1365 | D:2      | Found a shimmering blue altar of Sif Muna.
  1372 | D:2      | Reached XP level 4. HP: 34/40 MP: 3/3
  1813 | D:3      | Reached XP level 5. HP: 44/47 MP: 4/4
  2105 | D:3      | Found a white marble altar of Elyvilon.
  2732 | D:4      | Reached skill level 5 in Armour
  2750 | D:4      | Found a staircase to the Ecumenical Temple.
  2760 | Temple   | Entered the Ecumenical Temple
  2791 | Temple   | Became a worshipper of Warmaster Okawaru
  2882 | D:4      | Found an ornate altar of the Wu Jian Council.
  2987 | D:4      | Reached skill level 5 in Shields
  2992 | D:4      | Slain by a gnoll

Illustrated notes

Levels and vault maps discovered:
D:1:      erik_arrival_cave_to_civilisation [erik_arrival_cave_to_hall],
          layout_basic, hellmonk_ecumenical_altar_lost_god
D:2:      layout_basic, basic_altar, uniq_jessica
D:3:      layout_basic, elyvilon_altar_3, dk_noncrumbling_3
D:4:      layout_gridville, mainiacjoe_overflow_six_doors_small,
          grunt_dithmenos_smoke_and_mirrors, nzn_wu_jian_contemplation,
          temple_statues
Temple:   pf_slime_end_temple

Skill      XL: |  1  2  3  4  5 |
---------------+----------------+-----
Armour         | 4 5 |  5.0
Fighting       | 4 |  4.9
Shields        | 4 5 |  5.0
Axes           | 3 4 |  4.1

Action                   |  1- 3 |  4- 6 || total
-------------------------+-------+-------++-------
Melee: War axe           |    55 |    66 ||   121
       Headbutt          |     5 |     7 ||    12
  Use: Potion            |       |     1 ||     1
Armor: Scale mail        |    30 |    35 ||    65
Dodge: Dodged            |    29 |    38 ||    67
Block: Buckler           |    11 |    11 ||    22
